 Dungeon Crawl Stone Soup version 0.31-a0-18-gea43df2a32 (webtiles) character file.

Game seed: 12677240752479945194

13930 BlasphemerAmon the Nimble (level 12, -8/86 HPs)
             Began as a Djinni Necromancer on May 9, 2023.
             Was an Elder of Qazlal.
             Mangled by a skeletal warrior
             ... wielding a +0 dire flail
              (31 damage)
             ... on level 12 of the Dungeon.
             The game lasted 00:37:00 (10595 turns).

BlasphemerAmon the Nimble (Djinni Necromancer)     Turns: 10595, Time: 00:37:00

Health: -8/86      AC:  9    Str:  6    XL:     12   Next: 38%
Gold:   664        EV: 22    Int: 20    God:    Qazlal [****..] SH:  5 Dex: 19

rFire   + + .        P - +6 long sword
rCold   x . .        (no shield)
rNeg    . . .        F - +0 troll leather armour
rPois   ∞            (no helmet)
rElec   .            (no cloak)
rCorr   .            (no gloves)
SInv    .            (boots unavailable)
Will    ++...        (no amulet)
Stlth   ++           h - +4 ring of protection
HPRegen 1.14/turn    o - +5 ring of evasion
MPRegen 0.00/turn

%: repel missiles, infuse magic (-9 HP)
@: about to teleport, flying
A: sickness immunity, fire resistance 2, cold vulnerability 1, float, innate
caster, HP casting, extra vitality 1, agile 1, strong-willed 1, wild magic 1,
noise suppression
a: Renounce Religion, Upheaval, Elemental Force


You were on level 12 of the Dungeon.
You worshipped Qazlal.
Qazlal was greatly pleased with you.
You visited 1 branch of the dungeon, and saw 12 of its levels.
You also visited: Sewer.

You collected 664 gold pieces.

Inventory:

Hand Weapons
 f - a +0 shortbow
 B - a +0 scimitar
 C - a +0 glaive
 E - a +0 antimagic long sword
 N - a +5 halberd
 O - a +4 falchion
 P - a +6 long sword (weapon)
Missiles
 H - a throwing net
Armour
 a - a +0 robe
 s - a +0 leather armour
 F - a +0 troll leather armour (worn)
 G - +0 fire dragon scales
Jewellery
 h - a +4 ring of protection (left hand)
 i - an amulet of faith
 k - a +4 ring of protection
 o - a +5 ring of evasion (right hand)
 A - a ring of positive energy
Wands
 K - a wand of charming (12)
 Q - a wand of flame (7)
 S - a wand of polymorph (6)
Scrolls
 b - 2 scrolls of vulnerability
 d - 5 scrolls of fog
 e - 2 scrolls of poison
 g - 9 scrolls of enchant armour
 j - 3 scrolls of teleportation
 l - 3 scrolls of silence
 t - 2 scrolls of fear
 v - 3 scrolls of noise
 y - a scroll of blinking
 z - a scroll of magic mapping
 J - a scroll of enchant weapon
 L - 2 scrolls of immolation
Potions
 c - 2 potions of brilliance
 m - a potion of ambrosia
 n - a potion of mutation
 p - 4 potions of curing
 q - a potion of lignification
 r - 4 potions of attraction
 u - a potion of haste {unknown}
 x - a potion of might {unknown}
 D - 2 potions of resistance
 I - a potion of cancellation {unknown}
 M - a potion of flight {unknown}
 R - 3 potions of degeneration {unknown}


   Skills:
 + Level 7.9 Fighting
 + Level 6.1 Long Blades
 + Level 8.7 Armour
 + Level 9.9 Dodging
 - Level 5.4 Stealth
 + Level 7.6 Spellcasting


You knew the following spells:

 Your Spells              Type           Power      Damage    Failure   Level
a - Necrotise             Necr           100%       1d9       1%          1
b - Vampiric Draining     Necr           49%        2d9       3%          3
c - Animate Dead          Necr           49%        N/A       9%          4
d - Agony                 Necr           49%        N/A       21%         5
e - Freeze                Ice            100%       1d10      1%          1
f - Blink                 Tloc           98%        N/A       1%          2
g - Gell's Gravitas       Tloc           49%        N/A       3%          3
h - Spider Form           Tmut/Pois      49%        N/A       3%          3
i - Summon Ice Beast      Ice/Summ       49%        N/A       9%          4
Your spell library was empty.

Dungeon Overview and Level Annotations

Branches:
Dungeon (12/15)            Temple (0/1) D:4            Lair (0/5) D:11
    Orc (0/2) D:9           Sewer (visited)

Altars:
Elyvilon
Qazlal
Trog

Shops:
D:9 (


Innate Abilities, Weirdness & Mutations

You are immune to sickness and miasma.
You are immune to poison.
Your flesh is very heat resistant. (rF++)
You are vulnerable to cold. (rC-)
You float through the air rather than walking.
You learn spells naturally, not from books.
Your magical power is your life essence.
You have superior vitality. (+4 MHP)
You are agile. (Dex +4, Str/Int -1)
You are strong-willed. (Will+)
Your spells are a little harder to cast, but a little more powerful.
You passively dampen the noise of your surroundings.


Message History

Confirm with . or Enter, or press ? or * to list all spells.
A chill wind blows around you.
You block the skeletal warrior's attack.
The skeletal warrior hits you with a +0 war axe!!
* * * LOW HITPOINT WARNING * * *
The skeletal warrior hits your ice beast but does no damage.
You feel much better.
The skeletal warrior hits you but does no damage.
The skeletal warrior hits you with a +0 war axe!!
* * * LOW HITPOINT WARNING * * *
The skeletal warrior hits your ice beast but does no damage.
Your ice beast hits the skeletal warrior but does no damage.
The skeletal warrior attacks as you move away!
The skeletal warrior hits you with a +0 war axe.
* * * LOW HITPOINT WARNING * * *
The skeletal warrior hits your ice beast with a +0 war axe!
The skeletal warrior attacks as you move away!
The skeletal warrior closely misses you.
The skeletal warrior attacks as you move away!
The skeletal warrior hits you with a +0 war axe!!
* * * LOW HITPOINT WARNING * * *
The skeletal warrior hits your ice beast with a +0 war axe.
You feel better. The skeletal warrior barely misses you.
The skeletal warrior hits you but does no damage.
The skeletal warrior hits your ice beast with a +0 war axe.
Your ice beast hits the skeletal warrior.
Your ice beast freezes the skeletal warrior!
The skeletal warrior resists.
The skeletal warrior attacks as you move away!
The skeletal warrior barely misses you.
The skeletal warrior hits your ice beast but does no damage.
Your ice beast hits the skeletal warrior but does no damage.
You hear the loud beating of a drum nearby.
The skeletal warrior hits your ice beast with a +0 war axe!!
Your ice beast dies!
Your ice beast disappears in a puff of smoke!
As you read the scroll of teleportation, it crumbles to dust.
You feel strangely unstable.
The skeletal warrior hits you with a +0 dire flail!!
You die...

..>............#
...............# ##
..............###.##
...................##
..............†.....##
..≈.................##
≈≈.......§.........#
≈..........°z.....####
...........@≈.○...#..##
...)......☼≈≈≈........#
..........○z§........##
....###....°..........#
.... #................
... #.............$..
.. ....................
....................
.....................


You could see 2 skeletal warriors.

Vanquished Creatures
  2 boulder beetles
  4 two-headed ogres
  An ugly thing (D:10)
  Joseph (D:7)
  A kobold demonologist (D:11)
  2 hornets
  4 trolls
  Prince Ribbit (D:7)
  5 yaks
  3 wraiths
  2 wyverns (D:7)
  A steam dragon (D:9)
  An acid dragon (D:12)
  A hornet zombie (D:10)
  2 water moccasins
  3 orc warriors (D:6)
  2 black bears (D:11)
  2 ogres (D:6)
  A sky beast (D:7)
  2 ice beasts
  A wolf (D:10)
  3 centaurs
  A phantom (D:5)
  2 kobold brigands
  3 bullfrogs
  A gnoll sergeant (D:7)
  3 scorpions
  A wyvern zombie (D:11)
  11 wights
  5 killer bees (D:6)
  A troll zombie (D:11)
  2 nameless horrors
  4 howler monkeys
  4 jellies
  12 orc priests
  4 hounds
  2 black bear zombies (D:11)
  2 gnoll boudas
  3 iguanas
  9 orc wizards
  11 adders
  12 gnolls
  5 orc zombies
  4 river rats (Sewer)
  A white imp (D:7)
  3 worms
  A dart slug (D:1)
  24 orcs
  8 ball pythons
  4 bats
  2 endoplasms
  7 giant cockroaches
  7 goblins
  8 hobgoblins
  11 kobolds
  7 quokkas
  7 frilled lizards
  10 rats
247 creatures vanquished.

Vanquished Creatures (collateral kills)
  A two-headed ogre (D:11)
  3 trolls
  A wyvern (D:11)
  Grum (D:10)
  An acid dragon (D:10)
  An orc warrior (D:9)
  A wolf (D:10)
  A centaur (D:10)
  A bullfrog (D:7)
  2 wights
  An iguana (D:6)
  An orc wizard (D:8)
  5 orcs
  2 endoplasms
  A goblin (D:2)
23 creatures vanquished.

Grand Total: 270 creatures vanquished

Notes
Turn   | Place    | Note
-------+----------+-------------------------------------------
     0 | D:1      | BlasphemerAmon the Djinni Necromancer began the quest for
                  | the Orb.
     0 | D:1      | BlasphemerAmon set off with the following spells memorised:
                  | Necrotise, Vampiric Draining, Animate Dead, Agony.
     0 | D:1      | Reached XP level 1. HP: 15/15 MP: 0/0
   196 | D:1      | Reached XP level 2. HP: 15/21 MP: 0/0
   896 | D:2      | Reached XP level 3. HP: 22/25 MP: 0/0
   896 | D:2      | Learned a level 1 spell: Freeze
  1096 | D:2      | Reached skill level 3 in Dodging
  1148 | D:2      | Reached XP level 4. HP: 28/31 MP: 0/0
  1353 | D:2      | Reached skill level 1 in Armour
  1401 | D:2      | Identified the +12 whip of Stickiness {vamp, rF+}
  1882 | D:3      | Reached XP level 5. HP: 27/35 MP: 0/0
  1882 | D:3      | Learned a level 2 spell: Blink
  1947 | D:3      | Noticed a centaur
  1967 | D:3      | Killed a centaur
  2082 | D:3      | Reached XP level 6. HP: 35/40 MP: 0/0
  2207 | D:3      | Found a stormy altar of Qazlal.
  2234 | D:3      | Found a faded altar of an unknown god.
  2399 | D:3      | Became a worshipper of Qazlal Stormbringer
  2479 | D:4      | Reached skill level 4 in Dodging
  2485 | D:4      | Gained mutation: You passively dampen the noise of your
                  | surroundings. [potion of mutation]
  2485 | D:4      | Gained mutation: You are strong-willed. (Will+) [potion of
                  | mutation]
  2485 | D:4      | Gained mutation: You are agile. (Dex +4, Str/Int -1)
                  | [potion of mutation]
  2485 | D:4      | Gained mutation: Your spells are a little harder to cast,
                  | but a little more powerful. [potion of mutation]
  2890 | D:4      | Reached XP level 7. HP: 44/45 MP: 0/0
  2890 | D:4      | Learned a level 3 spell: Gell's Gravitas
  3156 | D:4      | Found a staircase to the Ecumenical Temple.
  3367 | D:5      | Entered Level 5 of the Dungeon
  3497 | D:5      | Reached * piety under Qazlal
  3515 | D:5      | Reached skill level 1 in Fighting
  3534 | D:5      | Reached XP level 8. HP: 40/52 MP: 0/0
  3561 | D:5      | Reached skill level 5 in Dodging
  3740 | D:5      | Found a glowing drain.
  3756 | Sewer    | Entered a sewer
  3941 | Sewer    | Reached ** piety under Qazlal
  4491 | D:6      | Reached skill level 5 in Spellcasting
  4825 | D:6      | Reached XP level 9. HP: 52/59 MP: 0/0
  4825 | D:6      | Learned a level 3 spell: Spider Form
  4992 | D:6      | Reached skill level 6 in Dodging
  4992 | D:6      | Reached skill level 5 in Stealth
  5367 | D:6      | Reached skill level 5 in Armour
  5773 | D:6      | Found a bloodstained altar of Trog.
  6001 | D:7      | Noticed Prince Ribbit
  6017 | D:7      | Killed Prince Ribbit
  6091 | D:7      | Found a white marble altar of Elyvilon.
  6157 | D:7      | Noticed a troll
  6161 | D:7      | Reached skill level 1 in Long Blades
  6169 | D:7      | Killed a troll
  6170 | D:7      | Reached XP level 10. HP: 66/69 MP: 0/0
  6173 | D:7      | Reached skill level 7 in Dodging
  6244 | D:7      | Reached *** piety under Qazlal
  6372 | D:7      | Noticed Joseph
  6387 | D:7      | Killed Joseph
  6388 | D:7      | Reached skill level 5 in Fighting
  6850 | D:8      | Noticed a two-headed ogre
  6868 | D:8      | Killed a two-headed ogre
  7210 | D:8      | Reached skill level 8 in Dodging
  7255 | D:8      | Identified the +0 scale mail of Somewhere Else {rN+ Str+2}
  7529 | D:8      | Noticed a two-headed ogre
  7543 | D:8      | Killed a two-headed ogre
  7734 | D:8      | Reached XP level 11. HP: 68/76 MP: 0/0
  7734 | D:8      | Learned a level 4 spell: Summon Ice Beast
  8178 | D:9      | Reached **** piety under Qazlal
  8480 | D:9      | Found Otyoxaulyl's Antique Weapon Boutique.
  8480 | D:9      | Found a staircase to the Orcish Mines.
  8758 | D:10     | Entered Level 10 of the Dungeon
  9107 | D:10     | Noticed a brown ugly thing
  9111 | D:10     | Killed a brown ugly thing
  9145 | D:10     | Noticed a two-headed ogre
  9152 | D:10     | Killed a two-headed ogre
  9153 | D:10     | Reached skill level 9 in Dodging
  9177 | D:10     | Noticed Grum
  9205 | D:10     | Killed Grum
  9218 | D:10     | Reached skill level 5 in Long Blades
  9720 | D:11     | Found a staircase to the Lair.
  9727 | D:11     | Noticed a two-headed ogre
  9736 | D:11     | Killed a two-headed ogre
  9748 | D:11     | Reached XP level 12. HP: 43/85 MP: 0/0
  9894 | D:11     | Noticed a two-headed ogre
  9906 | D:11     | Killed a two-headed ogre
 10002 | D:11     | Noticed a boulder beetle
 10023 | D:11     | Killed a boulder beetle
 10445 | D:12     | Noticed a boulder beetle
 10463 | D:12     | Killed a boulder beetle
 10574 | D:12     | Noticed a skeletal warrior
 10574 | D:12     | Noticed a skeletal warrior
 10595 | D:12     | Mangled by a skeletal warrior

Illustrated notes

Levels and vault maps discovered:
D:1:      giann_wishing_wells, layout_basic, kennysheep_another_room,
          serial_bayou_lake_a
D:2:      layout_rooms, minmay_octomino_e4
D:3:      layout_basic, marbit_many_paths,
          hellmonk_ecumenical_altar_inner_sanctum, chequers_big_river,
          grunt_decor_mini_mirrors
D:4:      layout_rooms, minmay_temple_entry_arrows
D:5:      layout_rooms, portal_sewer_entry_f
D:6:      layout_cave_pods, nzn_overflow_gifts_of_might_and_magic
D:7:      layout_basic, elyvilon_altar_5, kennysheep_flooded_box,
          minmay_misc_feat_four_crosses, uniq_joseph, uniq_prince_ribbit1
D:8:      layout_layer_cave
D:9:      layout_long_grid, orc_0_dummy, serial_shops, shop
D:10:     layout_roguey, uniq_grum
D:11:     layout_rooms, david_lair_generic, serial_glass, glass_columns_c,
          glass_columns_a
D:12:     layout_big_octagon, gauntlet_entry_generic

Skill      XL: |  1  2  3  4  5  6  7  8  9 10 11 12 |
---------------+-------------------------------------+-----
Stealth        | 2 3 4 5 |  5.4
Dodging        | 3 4 5 6 8 9 |  9.9
Armour         | 1 2 3 4 5 6 8 |  8.7
Spellcasting   | 4 5 6 7 |  7.6
Fighting       | 1 2 4 6 7 |  7.9
Long Blades    | 1 3 5 6 |  6.1

Action                     |  1- 3 |  4- 6 |  7- 9 | 10-12 || total
---------------------------+-------+-------+-------+-------++-------
  Melee: Unarmed           |     3 |       |    13 |    88 ||   104
         Long sword        |       |       |    12 |   127 ||   139
         Punch             |       |       |       |     1 ||     1
   Fire: Shortbow          |       |    26 |   161 |       ||   187
   Cast: Necrotise         |    55 |    60 |    74 |    77 ||   266
         Vampiric Draining |     6 |    18 |    50 |    67 ||   141
         Freeze            |     2 |     5 |    40 |    68 ||   115
         Blink             |       |     3 |     3 |     1 ||     7
         Gell's Gravitas   |       |       |     6 |     7 ||    13
         Spider Form       |       |       |     2 |    10 ||    12
         Animate Dead      |       |       |     1 |     3 ||     4
         Summon Ice Beast  |       |       |       |    18 ||    18
    Use: Potion            |       |     4 |     4 |     5 ||    13
         Scroll            |       |     4 |     2 |    14 ||    20
 Armour: Robe              |     3 |     8 |    45 |       ||    56
         Leather armour    |       |     2 |       |       ||     2
         Skin              |       |    11 |       |     6 ||    17
         Troll leather arm |       |       |       |    42 ||    42
  Dodge: Dodged            |    14 |    34 |   279 |   439 ||   766
         Repelled          |       |       |       |     2 ||     2
  Block: Other             |       |       |    26 |    83 ||   109

Table legend: (Time is in decaauts)
 A = Elapsed time spent in this place.
 B = Non-inter-level travel time spent in this place.
 C = Inter-level travel time spent in this place.
 D = Time resting spent in this place.
 E = Time spent auto-exploring this place.
 F = Levels seen in this place.
 G = Mean time per level.
                   A        B        C        D        E       F      G
               +--------+--------+--------+--------+--------+-----+--------+
         Total |  10726 |  10379 |    347 |   1450 |   6766 |  13 |  825.1 |
       Dungeon |  10259 |   9912 |    347 |   1450 |   6450 |  12 |  854.9 |
         Sewer |    467 |    467 |      0 |      0 |    316 |   1 |  467.0 |
               +--------+--------+--------+--------+--------+-----+--------+

Top non-repeatable levels by time:
     D:6: 1540 daAuts
     D:8: 1275 daAuts
     D:9: 1076 daAuts
     D:4: 925 daAuts
     D:3: 898 daAuts
     D:1: 855 daAuts
    D:11: 811 daAuts
     D:2: 710 daAuts
     D:7: 707 daAuts
     D:5: 690 daAuts
    D:10: 616 daAuts
   Sewer: 467 daAuts
    D:12: 152 daAuts
